 Dungeon Crawl Stone Soup version 0.25-a0-635-g0c6c292ef3 (webtiles) character file.

Game seed: 582272887162628212, levelgen mode: deterministic

870 kae the Cleaver (level 8, 0/73 HPs)
             Began as a Hill Orc Fighter on Mar 20, 2020.
             Engulfed by a steam dragon's steam (2 damage)
             ... on level 5 of the Dungeon.
             The game lasted 00:02:47 (4038 turns).

kae the Cleaver (Hill Orc Fighter)                  Turns: 4038, Time: 00:02:48

Health: 0/73       AC:  9    Str: 21    XL:     8   Next: 3%
Magic:  17/17      EV:  7    Int:  8    God:
Gold:   226        SH:  9    Dex: 10    Spells: 7/7 levels left

rFire    . . .     SeeInvis .   a - +1 war axe
rCold    . . .     Gourm    .   c - +0 kite shield
rNeg     . . .     Faith    .   b - +0 scale mail
rPois    .         Spirit   .   (no helmet)
rElec    .         Reflect  .   (no cloak)
rCorr    .         Harm     .   u - +1 pair of gloves
MR       .....                  (no boots)
Stlth    ..........             (no amulet)
HPRegen  0.22/turn              m - ring of magical power
MPRegen  0.15/turn              s - ring of flight

@: about to teleport
A: no striking features
a: Evoke Flight


You were on level 5 of the Dungeon.
You were hungry.

You visited 1 branch of the dungeon, and saw 5 of its levels.

You collected 226 gold pieces.

Inventory:

Hand Weapons
 a - a +1 war axe (weapon)
Armour
 b - a +0 scale mail (worn)
 c - a +0 kite shield (worn)
 u - a +1 pair of gloves (worn)
Jewellery
 m - a ring of magical power (left hand)
 s - a ring of flight (right hand)
Scrolls
 e - a scroll of teleportation
 o - 2 scrolls of remove curse
 q - a scroll of enchant weapon
 v - a scroll of amnesia {unknown}
 w - a scroll of fog {unknown}
Potions
 d - 2 potions of might
 g - a potion of brilliance
 h - a potion of haste
 i - a potion of stabbing {unknown}
 j - a potion of invisibility {unknown}
 k - 2 potions of curing {unknown}
 l - a potion of cancellation {unknown}
 n - a potion of magic {unknown}
 p - a potion of heal wounds {unknown}
 r - 2 potions of resistance {unknown}
 t - a potion of flight {unknown}
Comestibles
 f - 5 rations


   Skills:
 + Level 7.1 Fighting
 * Level 9.7 Axes
 - Level 3.2 Armour
 - Level 3.2 Shields


You had 7 spell levels left.
You didn't know any spells.
Your spell library contained the following spells:

 Spells                   Type           Power        Failure   Level  Hunger
 Summon Small Mammal      Summ           #...         99%         1    ##.....
 Call Imp                 Summ           #.......     100%        2    ###....
 Call Canine Familiar     Summ           #.......     100%        3    ####...
 Confusing Touch          Hex            #.......     100%        3    ####...
 Gell's Gravitas          Tloc           #.........   100%        3    ####...
 Summon Guardian Golem    Hex/Summ       #.......     100%        3    ####...
 Petrify                  Tmut/Erth      #.......     100%        4    #####..
 Summon Ice Beast         Ice/Summ       #.......     100%        4    #####..
 Summon Lightning Spire   Summ/Air       #.......     100%        4    #####..
 Metabolic Englaciation   Hex/Ice        #.........   100%        5    ######.
 Yara's Violent Unravell  Hex/Tmut       #.........   100%        5    ######.


Dungeon Overview and Level Annotations

Branches:
Dungeon (5/15)
 Temple: D:4-7

Altars:
Nemelex Xobeh


Message History

The steam dragon breathes steam at you. The ball of steam hits you!!
The steam dragon breathes steam at you. The ball of steam hits you!
* * * LOW HITPOINT WARNING * * *
The steam dragon bites you.
* * * LOW HITPOINT WARNING * * *
The steam dragon claws you.
* * * LOW HITPOINT WARNING * * *
You are too injured to fight recklessly!
You are too injured to fight recklessly!
You are too injured to fight recklessly!
You are too injured to fight recklessly!
Unknown command.
Okay, then.
Okay, then.
As you read the scroll of teleportation, it crumbles to dust.
You feel strangely unstable.
You are engulfed in a cloud of scalding steam.
You die...

##≈.# #..#
#..##
#≈.P#
#...#
#P.P#
#P§^#
#.§§#
#≈@.#
#≈DD≈≈#
#P≈..≈.#
#≈P(...^P#
#PP....≈P#
#^.....≈##
##.≈..≈≈#
##PPP###


You could see 2 steam dragons.

Vanquished Creatures
  2 ice beasts (D:5)
  An ogre (D:4)
  A centaur (D:5)
  5 hounds
  An orc wizard (D:4)
  An iguana (D:4)
  5 worker ants
  9 adders
  2 oozes (D:1)
  An adder zombie (D:2)
  4 worms
  2 dart slugs
  7 leopard geckos
  6 orcs
  3 ball pythons (D:3)
  A bat skeleton (D:2)
  5 giant cockroaches
  10 goblins
  2 hobgoblins
  4 jackals (D:2)
  10 kobolds
  A quokka (D:5)
  16 bats
  5 frilled lizards
  A giant cockroach zombie (D:2)
  A leopard gecko skeleton (D:2)
  A quokka skeleton (D:5)
  A quokka zombie (D:5)
  14 rats
122 creatures vanquished.

Vanquished Creatures (others)
  A fungus (D:5)
1 creature vanquished.

Grand Total: 123 creatures vanquished

Notes
Turn   | Place    | Note
-------+----------+-------------------------------------------
     0 | D:1      | kae the Hill Orc Fighter began the quest for the Orb.
     0 | D:1      | Reached XP level 1. HP: 19/19 MP: 1/1
    22 | D:1      | Reached skill level 3 in Axes
    59 | D:1      | Reached XP level 2. HP: 27/27 MP: 2/2
   249 | D:1      | Reached skill level 4 in Axes
   249 | D:1      | Reached XP level 3. HP: 27/33 MP: 3/3
   832 | D:2      | Found a sparkling altar of Nemelex Xobeh.
   902 | D:2      | Reached XP level 4. HP: 33/41 MP: 4/4
  1093 | D:2      | Reached skill level 5 in Axes
  1460 | D:2      | Reached XP level 5. HP: 45/47 MP: 5/5
  1903 | D:3      | Reached skill level 6 in Axes
  2037 | D:3      | Reached skill level 5 in Fighting
  2634 | D:4      | Reached XP level 6. HP: 43/56 MP: 6/6
  2753 | D:4      | Reached skill level 7 in Axes
  3040 | D:4      | Reached skill level 8 in Axes
  3040 | D:4      | Reached XP level 7. HP: 23/63 MP: 7/7
  3492 | D:5      | Entered Level 5 of the Dungeon
  3602 | D:5      | Reached skill level 9 in Axes
  3825 | D:5      | Reached XP level 8. HP: 73/73 MP: 8/8
  4037 | D:5      | HP: 3/73 [steam dragon (4)]
  4038 | D:5      | Engulfed by a steam dragon's steam

Levels and vault maps discovered:
D:1:      dpeg_arrival_subterranean_lakeside_camping, layout_loops_ring
D:2:      layout_loops_corners, nemelex_xobeh_ov_fountains_minmay,
          serial_undead, serial_undead_f, serial_undead_b, serial_undead_a,
          serial_undead_f, serial_undead_c, serial_undead_e, serial_undead_f
D:3:      layout_loops_corners
D:4:      layout_loops_ring, first_ration, kennysheep_windowed_goal
D:5:      kennysheep_steamy, layout_loops_corners

Skill      XL: |  1  2  3  4  5  6  7 |
---------------+----------------------+-----
Axes           | 3 4 5 6 8 9 |  9.7
Fighting       | 4 5 6 7 |  7.1
Armour         | |  3.2
Shields        | |  3.2

Action                   |  1- 3 |  4- 6 |  7- 9 || total
-------------------------+-------+-------+-------++-------
Melee: War axe           |   111 |   171 |    60 ||   342
  Use: Scroll            |     2 |     8 |     1 ||    11
       Potion            |       |     1 |       ||     1
  Eat: Chunk             |       |     7 |     3 ||    10
Armor: Scale mail        |    67 |    74 |    28 ||   169
Dodge: Dodged            |    44 |    51 |    14 ||   109
Block: Kite shield       |    84 |    83 |    21 ||   188

Table legend:
 A = Non-vault XP
 B = Vault XP
 C = Vault XP percentage of total XP
 D = Non-vault monster count
 E = Vault monster count
 F = Vault count percentage of total count
                 A         B        C        D         E       F
            +---------+---------+-------+---------+---------+-------
      Total |    1226 |      18 |   1.4 |     112 |      10 |   8.2
            +---------+---------+-------+---------+---------+-------
        D:1 |      45 |       9 |  16.7 |      22 |       6 |  21.4
        D:2 |     110 |       9 |   7.6 |      31 |       4 |  11.4
        D:3 |     103 |       0 |   0.0 |      28 |       0 |   0.0
        D:4 |     423 |       0 |   0.0 |      15 |       0 |   0.0
        D:5 |     545 |       0 |   0.0 |      16 |       0 |   0.0
            +---------+---------+-------+---------+---------+-------
